 Dungeon Crawl Stone Soup version 0.31-a0-879-g1609e0ac53 (webtiles) character file.

Game seed: 5892467924777329792

152 croobank the Covert (level 5, 0/47 HPs)
             Began as a Gnoll Delver on Oct 14, 2023.
             Succumbed to an orc wizard's poison
             ... on level 3 of the Dungeon.
             The game lasted 00:05:10 (702 turns).

croobank the Covert (Gnoll Delver)                   Turns: 702, Time: 00:05:10

Health: 0/47       AC:  3    Str: 11    XL:     5   Next: 34%
Magic:  7/7        EV: 13    Int: 11    God:
Gold:   13         SH:  0    Dex: 14    Spells: 6/6 levels left

rFire   + . .        a - +0 short sword
rCold   . . .        (no shield)
rNeg    . . .        b - +0 leather armour
rPois   .            (no helmet)
rElec   .            (no cloak)
rCorr   .            (no gloves)
SInv    .            (no boots)
Will    .....        (no amulet)
Stlth   ++           d - ring of protection from fire
HPRegen 0.27/turn    (no ring)
MPRegen 0.10/turn

%: no passive effects
@: confused, lethally poisoned (0 -> -20)
A: fangs 1, strong nose, distributed training
a: no special abilities


You were on level 3 of the Dungeon.
You visited 1 branch of the dungeon, and saw 4 of its levels.
You also visited: Sewer.

You collected 13 gold pieces.

Inventory:

Hand Weapons
 a - a +0 short sword (weapon)
Missiles
 f - 2 darts of dispersal (quivered)
Armour
 b - a +0 leather armour (worn)
Jewellery
 d - a ring of protection from fire (left hand)
Wands
 g - a wand of digging (2)
Scrolls
 c - 2 scrolls of fog


   Skills:
 + Level 6.7 Fighting
 + Level 4.8 Short Blades
 + Level 1.4 Long Blades
 + Level 1.4 Axes
 + Level 1.4 Maces & Flails
 + Level 1.4 Polearms
 + Level 1.4 Staves
 + Level 1.4 Ranged Weapons
 + Level 1.4 Throwing
 + Level 1.4 Armour
 + Level 4.8 Dodging
 + Level 9.7 Stealth
 + Level 1.4 Shields
 + Level 1.4 Unarmed Combat
 + Level 1.4 Spellcasting
 + Level 1.1 Conjurations
 + Level 1.1 Hexes
 + Level 1.1 Summonings
 + Level 1.1 Necromancy
 + Level 1.1 Translocations
 + Level 1.1 Transmutations
 + Level 1.1 Fire Magic
 + Level 1.1 Ice Magic
 + Level 1.1 Air Magic
 + Level 1.1 Earth Magic
 + Level 1.1 Poison Magic
 + Level 1.6 Invocations
 + Level 1.4 Evocations
 + Level 1.3 Shapeshifting


You had 6 spell levels left.
You didn't know any spells.
Your spell library was empty.

Dungeon Overview and Level Annotations

Branches:
Dungeon (6/15)              Sewer (visited)
 Temple: D:4-7

Altars:

Annotations:
D:3 Jessica, Sigmund


Innate Abilities, Weirdness & Mutations

You have very sharp teeth.
Your uncanny sense of smell can sniff out nearby items.
Your experience applies equally to all skills.


Message History

You are more poisoned.
You miss something. Your bite misses something.
You feel very sick. Something hits you but does no damage.
You are more poisoned.
Throw: 6 darts (disperse)
Press: ? - help, Q - select action Shift-Dir - straight line, f - you Really target yourself? [Y]es or [N]o only, please.
Really target yourself?
Okay, then.
Throw: 6 darts (disperse)
Press: ? - help, Q - select action Shift-Dir - straight line You throw a dart of dispersal.
You feel very sick. Something barely misses you.
Throw: 5 darts (disperse)
Press: ? - help, Q - select action Shift-Dir - straight line You throw a dart of dispersal.
You feel very sick. Something hits you.
You are lethally poisoned!
You aren't carrying any potions.
Throw: 4 darts (disperse)
Press: ? - help, Q - select action Shift-Dir - straight line You throw a dart of dispersal.
You feel very sick. Something hits you.
You are more poisoned.
Throw: 3 darts (disperse)
Press: ? - help, Q - select action Shift-Dir - straight line You throw a dart of dispersal.
* * * LOW HITPOINT WARNING * * *
You feel extremely sick.
You are confused.
You aren't carrying any potions.
There is a lethal amount of poison in your body!
* * * LOW HITPOINT WARNING * * *
You feel very sick.
You die...

#......#
#......# ∆
#......#
#......#
#......#
#......# .
#..###.... ...
##..######.....
#.....@§......#
##.#####.......
#.# ...{... #.#
....?.# ##.#
......#
###..###
.....##
#......#
......#
#......#
......#
#......#


There were no monsters in sight!

Vanquished Creatures
  Pargi (Sewer)
  A hound (D:4)
  2 orcs (D:3)
  3 ball pythons
  7 giant cockroaches
  A goblin (D:3)
  A hobgoblin (D:4)
  5 kobolds (Sewer)
  A quokka (D:4)
  A frilled lizard (Sewer)
  A rat (D:3)
24 creatures vanquished.

Notes
Turn   | Place    | Note
-------+----------+-------------------------------------------
     0 | D:5      | Reached skill level 9 in Stealth
     0 | D:5      | croobank the Gnoll Delver began the quest for the Orb.
     0 | D:5      | Reached XP level 1. HP: 23/23 MP: 1/1
     1 | D:6      | Noticed an orc wizard
     1 | D:6      | Noticed an ice beast
     2 | D:6      | Noticed an ogre
    12 | D:5      | Noticed a wight
    12 | D:5      | Noticed a wight
    12 | D:5      | Noticed a wight
    33 | D:5      | Noticed an orc wizard
    66 | D:4      | Noticed an orc wizard
    82 | D:3      | Noticed Jessica
    83 | D:3      | Noticed Sigmund
   147 | D:4      | Found a glowing drain.
   173 | D:4      | Reached XP level 2. HP: 28/29 MP: 2/2
   220 | Sewer    | Entered a sewer
   223 | Sewer    | Noticed Pargi
   236 | Sewer    | Killed Pargi
   237 | Sewer    | Reached skill level 1 in Long Blades
   237 | Sewer    | Reached skill level 1 in Axes
   237 | Sewer    | Reached skill level 1 in Maces & Flails
   237 | Sewer    | Reached skill level 1 in Polearms
   237 | Sewer    | Reached skill level 1 in Staves
   237 | Sewer    | Reached skill level 1 in Ranged Weapons
   237 | Sewer    | Reached skill level 1 in Throwing
   237 | Sewer    | Reached skill level 1 in Armour
   237 | Sewer    | Reached skill level 1 in Shields
   237 | Sewer    | Reached skill level 1 in Unarmed Combat
   237 | Sewer    | Reached skill level 1 in Spellcasting
   237 | Sewer    | Reached skill level 1 in Conjurations
   237 | Sewer    | Reached skill level 1 in Hexes
   237 | Sewer    | Reached skill level 1 in Summonings
   237 | Sewer    | Reached skill level 1 in Necromancy
   237 | Sewer    | Reached skill level 1 in Translocations
   237 | Sewer    | Reached skill level 1 in Transmutations
   237 | Sewer    | Reached skill level 1 in Fire Magic
   237 | Sewer    | Reached skill level 1 in Ice Magic
   237 | Sewer    | Reached skill level 1 in Air Magic
   237 | Sewer    | Reached skill level 1 in Earth Magic
   237 | Sewer    | Reached skill level 1 in Poison Magic
   237 | Sewer    | Reached skill level 1 in Invocations
   237 | Sewer    | Reached skill level 1 in Evocations
   237 | Sewer    | Reached skill level 1 in Shapeshifting
   237 | Sewer    | Reached XP level 3. HP: 11/35 MP: 2/4
   237 | Sewer    | Reached XP level 4. HP: 13/41 MP: 2/5
   469 | Sewer    | Reached XP level 5. HP: 47/47 MP: 5/7
   702 | D:3      | Succumbed to an orc wizard's poison

Illustrated notes

Levels and vault maps discovered:
D:3:      layout_rooms, uniq_jessica, uniq_sigmund
D:4:      layout_loops_ring, gup_sewer_entry_pipe, uniq_duvessa, uniq_grinder,
          uniq_robin
D:5:      layout_gridville, minmay_misc_feat_rugged,
          dreamdust_princess_corridor, minmay_circle_x
D:6:      layout_rooms, minmay_misc_feat_encased, nicolae_grassy_gnolls

Skill      XL: |  1  2 |
---------------+-------+-----
Stealth        | |  9.7
Long Blades    | 1 |  1.4
Axes           | 1 |  1.4
Maces & Flails | 1 |  1.4
Polearms       | 1 |  1.4
Staves         | 1 |  1.4
Ranged Weapons | 1 |  1.4
Throwing       | 1 |  1.4
Armour         | 1 |  1.4
Shields        | 1 |  1.4
Unarmed Combat | 1 |  1.4
Spellcasting   | 1 |  1.4
Conjurations   | 1 |  1.1
Hexes          | 1 |  1.1
Summonings     | 1 |  1.1
Necromancy     | 1 |  1.1
Translocations | 1 |  1.1
Transmutations | 1 |  1.1
Fire Magic     | 1 |  1.1
Ice Magic      | 1 |  1.1
Air Magic      | 1 |  1.1
Earth Magic    | 1 |  1.1
Poison Magic   | 1 |  1.1
Invocations    | 1 |  1.6
Evocations     | 1 |  1.4
Shapeshifting  | 1 |  1.3
Fighting       | |  6.7
Short Blades   | |  4.8
Dodging        | |  4.8

Action                     |  1- 3 |  4- 6 || total
---------------------------+-------+-------++-------
  Melee: Short sword       |    71 |    64 ||   135
         Bite              |     4 |     4 ||     8
         Punch             |       |     1 ||     1
  Throw: Dart              |       |     4 ||     4
  Evoke: Wand              |     1 |       ||     1
    Use: Scroll            |     2 |       ||     2
         Potion            |     2 |       ||     2
   Stab: Sleeping          |     4 |     6 ||    10
 Armour: Leather armour    |    32 |    22 ||    54
  Dodge: Dodged            |    34 |    28 ||    62

Table legend: (Time is in decaauts)
 A = Elapsed time spent in this place.
 B = Non-inter-level travel time spent in this place.
 C = Inter-level travel time spent in this place.
 D = Time resting spent in this place.
 E = Time spent auto-exploring this place.
 F = Levels seen in this place.
 G = Mean time per level.
                   A        B        C        D        E       F      G
               +--------+--------+--------+--------+--------+-----+--------+
         Total |    663 |    615 |     48 |    172 |     28 |   5 |  132.6 |
       Dungeon |    363 |    315 |     48 |     47 |     28 |   4 |   90.8 |
         Sewer |    299 |    299 |      0 |    125 |      0 |   1 |  299.0 |
               +--------+--------+--------+--------+--------+-----+--------+

Top non-repeatable levels by time:
   Sewer: 299 daAuts
     D:4: 236 daAuts
     D:3: 88 daAuts
     D:5: 36 daAuts
     D:6: 1 daAuts
